 Dungeon Crawl Stone Soup version 0.17-a0-491-gbd49765 (webtiles) character file.

599 Hanyuu the Sneak (level 7, -3/45 HPs)
             Began as a Kobold Assassin on Apr 9, 2015.
             Was a Follower of Dithmenos.
             Killed by divine providence
             ... invoked by an orc priest
              (13 damage)
             ... on level 5 of the Dungeon on Apr 10, 2015.
             The game lasted 00:27:07 (4479 turns).

Hanyuu the Sneak (Kobold Assassin)                  Turns: 4479, Time: 00:27:09

Health: -3/45      AC:  4    Str: 10    XL:     7   Next: 68%
Magic:  7/7        EV: 17    Int: 10    God:    Dithmenos [*.....]
Gold:   196        SH:  0    Dex: 18    Spells: 0 memorised, 6 levels left

rFire  x . .     SeeInvis .     w - +3 dagger
rCold  + . .     Clarity  .     c - +0 robe
rNeg   . . .     SustAb   .     (shield restricted)
rPois  .         Gourm    .     (no helmet)
rElec  .         Spirit   .     H - +0 cloak
rCorr  .         Warding  .     (no gloves)
rMut   .         Stasis   .     G - +0 pair of boots (curse)
MR     .....                    (no amulet)
Stlth  ++++......               (no ring)
                                o - ring of ice

@: wreathed by umbra, not resistant to hostile enchantments, stealthy
A: carnivore 3
a: Renounce Religion


You were on level 5 of the Dungeon.
You worshipped Dithmenos.
Dithmenos was aware of your devotion.
You were very full.

You visited 1 branch of the dungeon, and saw 5 of its levels.

You collected 196 gold pieces.

Inventory:

Hand weapons
 b - a +0 blowgun
 d - a +0 hunting sling
 w - a +3 dagger (weapon)
Missiles
 e - 10 poisoned needles
 f - 2 curare-tipped needles
 A - 28 stones (quivered)
 I - 5 needles of frenzy
Armour
 c - a +0 robe (worn)
 y - a +0 leather armour
 E - a +0 buckler
 G - a cursed +0 pair of boots (worn)
 H - a +0 cloak (worn)
Jewellery
 o - a ring of ice (left hand)
Magical devices
 J - a wand of teleportation (3)
Scrolls
 a - a scroll of magic mapping {unknown}
 j - 2 scrolls of fog {unknown}
 k - a scroll of teleportation
 p - 2 scrolls of identify
 u - a scroll of remove curse {unknown}
 v - a scroll of fear {unknown}
 x - a scroll of noise {unknown}
 z - 4 scrolls of enchant weapon {unknown}
 B - a scroll of immolation {unknown}
 K - a scroll of recharging {unknown}
Potions
 i - 4 potions of brilliance
 m - a potion of flight
 n - a potion of ambrosia
 q - a potion of might
 r - a potion of haste {unknown}
 s - a potion of restore abilities {unknown}
 t - a potion of agility {unknown}
 C - 2 potions of curing
 D - a potion of degeneration {unknown}
Comestibles
 g - 5 meat rations
 h - a royal jelly
 l - a slice of pizza
 F - 2 beef jerkies


   Skills:
 * Level 5.7 Fighting
 + Level 5.8 Short Blades
 - Level 3.1 Throwing
 + Level 1.2 Armour
 + Level 3.9 Dodging
 - Level 6.0 Stealth


You had 6 spell levels left.
You didn't know any spells.

Dungeon Overview and Level Annotations

Branches:
Dungeon (5/15)
 Temple: D:4-7

Altars:
Dithmenos
Makhleb
The Shining One


Innate Abilities, Weirdness & Mutations

You are small and have problems with some larger weapons.
You are carnivorous and can eat meat at any time.


Message History

Wield which item (- for none, * to show all)? (? for menu, Esc to quit)
w - a +3 dagger (weapon)
You barely miss the orc priest.
The orc priest is moderately wounded.
The orc priest completely misses you.
You barely miss the orc priest.
The orc priest is heavily wounded.
The orc wizard casts a spell.
You feel a wave of unholy energy pass over you.
The orc hits you from afar with a trident.
You barely miss the orc priest.
The orc priest is heavily wounded.
The orc priest closely misses you.
You hit the orc priest.
The orc priest is almost dead.
The orc hits you from afar with a trident!
* * * LOW HITPOINT WARNING * * *
The orc priest calls down the wrath of Beogh upon you.
Something smites you!
You die...

#####+#
#.....#
#.....#
#.....#
#.....#
#.....# .
+...<.# (.(
#.....#
#..O()##@....#
....Oooo(....#
......o#..(..#
......#.....#
..... #.....#
..... #.....#
#.. #.....# .
#+#####


You could see an ogre, an orc priest, an orc wizard and 2 orcs.

Vanquished Creatures
  Edmund (D:4)
  An orc warrior (D:4)
  The ghost of Fluffy the Slasher, a weakling DsGl (D:3)
  Crazy Yiuf (D:2)
  An orc priest (D:3)
  A worker ant (D:3)
  An iguana (D:3)
  An orc wizard (D:5)
  A hound skeleton (D:4)
  4 gnolls (D:4)
  5 adders
  A worm (D:2)
  5 giant geckos
  12 orcs
  9 bats
  4 giant cockroaches
  15 goblins
  8 hobgoblins
  12 jackals
  2 quokkas
  6 giant newts
  11 kobolds
  8 rats
111 creatures vanquished.

Notes
Turn   | Place    | Note
--------------------------------------------------------------
     0 | D:1      | Hanyuu, the Kobold Assassin, began the quest for the Orb.
     0 | D:1      | Reached XP level 1. HP: 12/12 MP: 1/1
   268 | D:1      | Reached XP level 2. HP: 2/18 MP: 2/2
   914 | D:1      | Reached XP level 3. HP: 17/22 MP: 3/3
  1043 | D:1      | Found a glowing golden altar of the Shining One.
  1340 | D:2      | Noticed Crazy Yiuf
  1350 | D:2      | Killed Crazy Yiuf
  1350 | D:2      | Reached XP level 4. HP: 28/28 MP: 4/4
  1705 | D:2      | Reached XP level 5. HP: 26/33 MP: 5/5
  2064 | D:3      | Reached skill level 6 in Stealth
  2377 | D:3      | Noticed Fluffy's ghost (weakling DsGl)
  2652 | D:3      | Killed Fluffy's ghost
  2905 | D:3      | Reached XP level 6. HP: 29/39 MP: 6/6
  3238 | D:3      | Found a shadowy altar of Dithmenos.
  3261 | D:3      | Reached skill level 5 in Short Blades
  3267 | D:3      | Became a worshipper of Dithmenos the Shadowed
  3791 | D:4      | Noticed an orc warrior
  3839 | D:4      | Killed an orc warrior
  3839 | D:4      | Reached skill level 5 in Fighting
  3839 | D:4      | Reached XP level 7. HP: 34/44 MP: 7/7
  3871 | D:4      | Noticed Edmund
  3893 | D:4      | Killed Edmund
  3893 | D:4      | Reached skill level 1 in Armour
  4043 | D:4      | Found a burning altar of Makhleb.
  4454 | D:5      | Entered Level 5 of the Dungeon
  4479 | D:5      | Killed from afar by an orc priest

Action                   |  1- 3 |  4- 6 |  7- 9 || total
-------------------------+-------+-------+-------++-------
Melee: Dagger            |    61 |   217 |    53 ||   331
 Fire: Blowgun           |     7 |    34 |    27 ||    68
  Use: Scroll            |       |     8 |       ||     8
 Stab: Sleeping          |     5 |    10 |     1 ||    16
       Distracted        |       |     1 |     1 ||     2
  Eat: Chunk             |     4 |     8 |     6 ||    18
